Map: Blackpink LE

Players

Plasmid - Winner!

  • Race: Zerg Zerg
  • League: Diamond
  • Spawn Location: 1:00

Chaldi

  • Race: Zerg Zerg
  • League: Diamond
  • Spawn Location: 7:00

VOD

Have the link to the VOD?

Description

ZvZ with poor early game

Time

  • Played on: March 3, 2018, 9 p.m.
  • Length: 6:08
Show
View Real Time Build Order
Export as new Build Order

Plasmid Zerg - Winner!

Build Orders: Hatch First, Zergling Baneling 

Get SALT Encoding   

  12  0:01  Drone  
  13  0:13  Overlord  
  13  0:17  Drone  
  14  0:31  Drone  
  14  0:32  Drone  
  16  0:38  Drone  
  17  0:47  Drone  
  18  0:58  Hatchery  
  18  0:59  Drone  
  18  1:02  Extractor  
  17  1:09  Drone  
  18  1:18  Spawning Pool  
  17  1:19  Drone  
  18  1:29  Drone  
  19  1:45  Overlord  
  19  1:58  Drone  
  20  2:05  Metabolic Boost  
  20  2:06  Queen  
  22  2:09  Queen  
  22  2:10  Drone  
  22  2:11  Drone  
  26  2:18  Drone  
  26  2:22  Drone  
  28  2:26  Baneling Nest  
  28  2:27  Drone  
  28  2:34  Zergling x4  
  30  2:45  Drone  
  30  2:46  Zergling x2  
  32  2:56  Zergling x2  
  32  2:57  Zergling x2  
  34  3:04  Zergling x2  
  35  3:05  Overlord  
  35  3:26  Zergling x2  
  36  3:27  Zergling x12  
  36  3:31  Zergling x2  
  43  3:36  Zergling x2  
  43  3:38  Baneling x4  
  43  3:39  Baneling x2  
  44  3:45  Hatchery  
  40  3:56  Baneling x2  
  40  3:57  Baneling  
  40  4:00  Zergling x8  
  34  4:19  Zergling x6  
  34  4:20  Zergling x6  
  40  4:34  Zergling x4  
  42  4:43  Baneling x2  
  39  4:49  Zergling x6  
  41  5:10  Zergling x2  
  41  5:11  Zergling x12  
  41  5:12  Zergling x4  
  48  5:22  Baneling x5  
  48  5:28  Zergling x4  
  50  5:30  Overlord  
  50  5:31  Overlord x2  
Show
View Real Time Build Order
Export as new Build Order

Chaldi Zerg 

Build Orders: Hatch First 

Get SALT Encoding   

  12  0:00  Drone  
  13  0:13  Overlord  
  13  0:19  Drone  
  14  0:32  Drone x2  
  16  0:36  Drone  
  17  0:48  Drone  
  18  0:57  Hatchery  
  18  0:58  Drone  
  18  1:07  Extractor  
  17  1:14  Spawning Pool  
  16  1:19  Drone  
  16  1:20  Drone  
  18  1:31  Drone  
  19  1:40  Overlord  
  19  1:55  Drone  
  20  2:02  Queen  
  20  2:03  Zergling x2  
  20  2:08  Metabolic Boost  
  23  2:10  Queen  
  23  2:11  Drone  
  23  2:14  Drone  
  27  2:20  Drone  
  28  2:24  Drone  
  29  2:30  Drone  
  29  2:33  Drone  
  31  2:44  Zergling x2  
  32  2:47  Zergling x2, Baneling Nest  
  32  2:53  Overlord  
  32  2:56  Zergling x2  
  33  3:08  Zergling x4  
  33  3:11  Extractor, Queen  
  36  3:15  Roach Warren  
  36  3:16  Zergling x8  
  39  3:22  Zergling x6  
  39  3:26  Drone  
  43  3:31  Overlord  
  43  3:43  Drone  
  42  3:50  Zergling x4  
  42  3:51  Zergling x2  
  42  3:53  Zergling x2  
  42  3:54  Zergling x4  
  47  4:10  Zergling x4  
  47  4:11  Roach x2  
  36  4:22  Drone x2  
  38  4:26  Baneling x4  
  38  4:27  Drone  
  38  4:29  Drone  
  38  4:31  Drone  
  41  4:43  Roach x2  
  44  4:46  Drone x2  
  44  4:51  Drone  
  43  5:06  Roach x3  
  49  5:10  Roach  
  50  5:18  Roach  
  50  5:19  Overlord  
  51  5:22  Spine Crawler  
  51  5:27  Roach  
  52  5:32  Overlord  
  52  5:38  Roach x2  
Tags
 
Add a new tag
Caveats
  • Supply blocks, unpowered buildings, or Contaminate may cause inaccurate times.
  • Supply counts are checked every 10 seconds.